 Dungeon Crawl Stone Soup version 0.29-a0-284-gf9362112df (webtiles) character file.

Game seed: 3401698653910363574

14305 chopper the Blocker (level 12, 0/97 HPs)
             Began as a Gnoll Fighter on Mar 28, 2022.
             Was an Initiate of Ashenzari.
             Shot with an arrow by a deep elf archer (19 damage)
             ... on level 1 of the Elven Halls.
             The game lasted 01:39:37 (15436 turns).

chopper the Blocker (Gnoll Fighter)                Turns: 15436, Time: 01:39:37

Health: 0/97       AC: 22    Str: 16    XL:     12   Next: 15%
Magic:  0/22       EV:  9    Int: 13    God:    Ashenzari [......]
Gold:   1016       SH:  7    Dex: 17    Spells: 25/25 levels left

rFire   . . .      SeeInvis .   z - +7 long sword of Conversion {spect, Fragile Fly rElec Stlth+}
rCold   . . .      Faith    .   c - +0 buckler
rNeg    . . .      Spirit   +   P - +1 plate armour
rPois   .          Reflect  .   s - +0 helmet
rElec   +          Harm     .   (no cloak)
rCorr   .          Rampage  .   l - +0 pair of gloves
Will    .....                   (no boots)
Stlth   +.........              m - amulet of guardian spirit
HPRegen 0.26/turn               B - +4 ring of protection
MPRegen 0.18/turn               Q - +6 ring of intelligence

@: flying, invisible (expiring)
A: fangs 1, strong nose, distributed training, sturdy frame 1
a: Renounce Religion, Curse Item


You were on level 1 of the Elven Halls.
You worshipped Ashenzari.
Ashenzari was noncommittal.
You visited 4 branches of the dungeon, and saw 14 of its levels.

You collected 1016 gold pieces.

Inventory:

Hand Weapons
 a - a +2 vorpal war axe
 q - a +0 dagger of speed
 y - a +2 short sword of protection
 z - the +7 long sword of Conversion (weapon) {spect, Fragile Fly rElec Stlth+}
   (You found it on level 4 of the Dungeon)

   When its wielder attacks, the weapon's spirit leaps out and strikes again.
   The spirit shares a part of any damage it takes with its wielder.
   rElec:     It insulates you from electricity.
   Fly:       It grants you flight.
   Fragile:   It will be destroyed if unequipped.
   Stlth:     It makes you more stealthy.
 J - a +2 mace of protection
 M - a +0 hand axe
 T - a +2 antimagic short sword
Missiles
 H - 17 poisoned darts (quivered)
 L - 3 curare-tipped darts
Armour
 c - a +0 buckler (worn)
 l - a +0 pair of gloves (worn)
 s - a +0 helmet (worn)
 A - a scarf of shadows
 P - a +1 plate armour (worn)
Jewellery
 f - a ring of fire
 m - an amulet of guardian spirit (around neck)
 B - a +4 ring of protection (left hand)
 G - an amulet of magic regeneration
 Q - a +6 ring of intelligence (right hand)
Wands
 b - a wand of iceblast (5)
 g - a wand of mindburst (19)
 x - a wand of acid (6)
 F - a wand of flame (25)
 R - a wand of polymorph (4)
Scrolls
 e - 2 scrolls of teleportation
 h - 4 scrolls of identify
 n - 2 scrolls of amnesia
 O - 2 scrolls of magic mapping
Potions
 d - a potion of might
 j - a potion of invisibility
 k - 5 potions of curing
 p - 2 potions of ambrosia
 u - a potion of berserk rage
 C - a potion of flight
 E - 2 potions of magic


   Skills:
 + Level 9.7 Fighting
 + Level 7.0 Short Blades
 + Level 7.0 Long Blades
 + Level 8.4 Axes
 + Level 7.0 Maces & Flails
 + Level 7.0 Polearms
 + Level 7.0 Staves
 + Level 7.0 Slings
 + Level 7.0 Bows
 + Level 7.0 Crossbows
 + Level 7.0 Throwing
 + Level 9.7 Armour
 + Level 7.0 Dodging
 + Level 7.0 Stealth
 + Level 9.7 Shields
 + Level 7.0 Unarmed Combat
 + Level 7.0 Spellcasting
 + Level 5.8 Conjurations
 + Level 5.8 Hexes
 + Level 5.8 Summonings
 + Level 5.8 Necromancy
 + Level 5.8 Translocations
 + Level 5.8 Transmutations
 + Level 5.8 Fire Magic
 + Level 5.8 Ice Magic
 + Level 5.8 Air Magic
 + Level 5.8 Earth Magic
 + Level 5.8 Poison Magic
 + Level 7.7 Invocations
 + Level 7.0 Evocations


You had 25 spell levels left.
You didn't know any spells.
Your spell library contained the following spells:

 Spells                   Type           Power      Damage    Failure   Level
 Freeze                   Ice            76%        1d9       26%         1
 Magic Dart               Conj           76%        1d6       26%         1
 Slow                     Hex            76%        N/A       26%         1
 Call Imp                 Summ           19%        N/A       36%         2
 Corpse Rot               Necr/Air       38%        N/A       36%         2
 Poisonous Vapours        Pois/Air       38%        N/A       36%         2
 Scorch                   Fire           38%        2d7       36%         2
 Searing Ray              Conj           38%        2d5       36%         2
 Confusing Touch          Hex            19%        N/A       61%         3
 Dazzling Flash           Conj/Hex       38%        N/A       61%         3
 Frozen Ramparts          Ice            38%        1d5       61%         3
 Mephitic Cloud           Conj/Pois/Air  19%        N/A       61%         3
 Vampiric Draining        Necr           19%        2d7       61%         3
 Animate Dead             Necr           9%         N/A       95%         4
 Flame Wave               Conj/Fire      19%        2d6       95%         4
 Fulminant Prism          Conj/Hex       9%         3d7       95%         4
 Hailstorm                Conj/Ice       19%        3d6       95%         4
 Iskenderun's Mystic Bla  Conj/Tloc      19%        2d6       95%         4
 Borgnjor's Vile Clutch   Necr/Erth      9%         N/A       100%        5
 Iskenderun's Battlesphe  Conj           19%        2d7       100%        5
 Death Channel            Necr           9%         N/A       100%        6
 Iron Shot                Conj/Erth      9%         9d3       100%        6
 Starburst                Conj/Fire      9%         6d5       100%        6
 Summon Cactus Giant      Summ           9%         N/A       100%        6
 Spellforged Servitor     Conj/Summ      9%         N/A       100%        7


Dungeon Overview and Level Annotations

Branches:
Dungeon (10/15)            Temple (1/1) D:5            Lair (0/6) D:10
    Orc (2/2) D:10            Elf (1/3) Orc:2

Altars:
Ashenzari
Dithmenos
Elyvilon
Fedhas
Gozag
Hepliaklqana
Makhleb
Nemelex Xobeh
Okawaru
Qazlal
Ru
Trog
Uskayaw
Vehumet
Xom
The Shining One

Shops:
D:6 *   Elf:1 [


Innate Abilities, Weirdness & Mutations

You have very sharp teeth.
Your uncanny sense of smell can sniff out nearby items.
Your experience applies equally to all skills.
Your movements are slightly less encumbered by armour. (ER -2)


Message History

* * * LOW HITPOINT WARNING * * *
You hear a shout!
As you read the scroll of teleportation, it crumbles to dust.
You feel strangely unstable.
The deep elf zephyrmancer casts a spell.
The deep elf zephyrmancer blinks!
You fade into invisibility!
Your surroundings suddenly seem different.
A deep elf archer, a human, a deep elf zephyrmancer and a deep elf pyromancer come into view.
The deep elf archer shouts!
The human shouts!
The deep elf pyromancer shouts!
You hear a shout! x4
The deep elf archer closely misses you.
The deep elf pyromancer hits you with a +0 long sword.
* * * LOW HITPOINT WARNING * * *
The deep elf pyromancer barely misses you.
The deep elf archer unwields a +0 dagger.
The deep elf archer wields a +0 shortbow.
The deep elf archer shoots an arrow.
The arrow closely misses you.
An earth elemental comes into view.
You fade further into invisibility.
The deep elf archer shoots an arrow.
The arrow hits the deep elf pyromancer!!
The deep elf archer shoots an arrow.
You block the arrow.
The human changes into a black mamba!
The deep elf archer shoots an arrow.
A deep elf archer comes into view. It is wielding a +4 dagger of venom.
The deep elf zephyrmancer casts a spell at you.
The bolt of lightning misses you.
The deep elf archer points at the deep elf zephyrmancer and mumbles some strange words.
The deep elf zephyrmancer resists with some effort.
As you read the scroll of fog, it crumbles to dust.
The scroll dissolves into smoke.
The deep elf zephyrmancer shouts!
The deep elf zephyrmancer hits you but does no damage.
You reach down and open the door.
The deep elf archer shoots an arrow.
The deep elf archer gestures at something while chanting.
The deep elf archer shoots an arrow.
You flicker for a moment.
The deep elf archer shoots an arrow.
The arrow hits you!!
You die...

#.#. #.##○## #eE#
#E###.##.#
#.8.∩>8.#
##.e.#.##.#
###..####
#e.#e#.##○## .8#
..e.#..e.#§eE##
..#
###S#..##§§§§.§##
.##
∆∆#...###§§e§§..##
e. ###. #§§§§.§..#
.e .. .§§§.§.@..+
.# ##..§......# #.
##.......##
###.....##
...##...## ###.
##+## #


You could see a deep elf archer (repels missiles, can't see you), a deep elf
zephyrmancer (can't see you) and a fire elemental (summoned, wandering, can't
see you).

Vanquished Creatures
  A centaur warrior (D:9)
  2 two-headed ogres
  A deep elf archer (Elf:1)
  A deep elf pyromancer (D:9)
  A deep elf zephyrmancer (D:9)
  An orc knight (D:10)
  3 orc sorcerers (Orc:1)
  Joseph (D:8)
  A tengu conjurer (D:9)
  3 trolls (D:10)
  A shadow (D:10)
  A wraith (D:10)
  8 yaks
  3 wyverns
  A steam dragon (D:9)
  2 vampire mosquitoes (D:7)
  3 two-headed ogre zombies (D:10)
  An acid dragon (D:10)
  3 water moccasins
  Duvessa (D:7)
  10 orc warriors
  A swamp drake (D:9)
  A sky beast (D:7)
  An ice beast (D:8)
  2 wolves (D:10)
  2 ogres (D:5)
  4 centaurs
  3 phantoms
  3 kobold brigands
  A bullfrog (D:7)
  2 necrophages
  5 scorpions
  5 wights
  Dowan (D:7)
  A jelly (D:5)
  4 howler monkeys
  3 electric eels (D:10)
  A crimson imp (D:9)
  8 hounds
  11 orc priests
  An iron imp (D:9)
  An iguana (D:4)
  Natasha (twice) (D:3)
  15 orc wizards
  5 ogre zombies (D:10)
  Robin (D:3)
  17 gnolls
  14 adders
  2 shadow imps
  3 white imps
  6 worms
  6 dart slugs
  44 orcs
  4 endoplasms
  5 giant cockroaches
  11 goblins
  8 hobgoblins
  4 quokkas
  9 ball pythons
  5 bats
  2 frilled lizards
  2 goblin skeletons (D:10)
  5 goblin zombies (D:10)
  12 kobolds
  An orc skeleton (D:10)
  16 orc zombies (D:10)
  3 rats
312 creatures vanquished.

Vanquished Creatures (others)
  A deep elf knight (Elf:1)
  3 orcs
  15 fungi (D:10)
  4 plants (D:10)
23 creatures vanquished.

Grand Total: 335 creatures vanquished

Notes
Turn   | Place    | Note
-------+----------+-------------------------------------------
     0 | D:1      | chopper the Gnoll Fighter began the quest for the Orb.
     0 | D:1      | Reached XP level 1. HP: 23/23 MP: 1/1
    35 | D:1      | Reached XP level 2. HP: 7/29 MP: 2/2
   368 | D:1      | Found a faded altar of an unknown god.
  1031 | D:1      | Reached XP level 3. HP: 35/35 MP: 3/3
  1382 | D:2      | Reached skill level 1 in Invocations
  1456 | D:2      | Reached skill level 1 in Short Blades
  1456 | D:2      | Reached skill level 1 in Long Blades
  1456 | D:2      | Reached skill level 1 in Maces & Flails
  1456 | D:2      | Reached skill level 1 in Polearms
  1456 | D:2      | Reached skill level 1 in Staves
  1456 | D:2      | Reached skill level 1 in Slings
  1456 | D:2      | Reached skill level 1 in Bows
  1456 | D:2      | Reached skill level 1 in Crossbows
  1456 | D:2      | Reached skill level 1 in Throwing
  1456 | D:2      | Reached skill level 1 in Dodging
  1456 | D:2      | Reached skill level 1 in Stealth
  1456 | D:2      | Reached skill level 1 in Unarmed Combat
  1456 | D:2      | Reached skill level 1 in Spellcasting
  1456 | D:2      | Reached skill level 1 in Evocations
  1490 | D:2      | Reached XP level 4. HP: 34/41 MP: 5/5
  1642 | D:2      | Reached skill level 1 in Conjurations
  1642 | D:2      | Reached skill level 1 in Hexes
  1642 | D:2      | Reached skill level 1 in Summonings
  1642 | D:2      | Reached skill level 1 in Necromancy
  1642 | D:2      | Reached skill level 1 in Translocations
  1642 | D:2      | Reached skill level 1 in Transmutations
  1642 | D:2      | Reached skill level 1 in Fire Magic
  1642 | D:2      | Reached skill level 1 in Ice Magic
  1642 | D:2      | Reached skill level 1 in Air Magic
  1642 | D:2      | Reached skill level 1 in Earth Magic
  1642 | D:2      | Reached skill level 1 in Poison Magic
  2416 | D:3      | Noticed Robin
  2438 | D:2      | Reached XP level 5. HP: 32/47 MP: 4/6
  2561 | D:3      | Killed Robin
  2800 | D:3      | Found a hazy altar of Hepliaklqana.
  2929 | D:3      | Noticed Natasha
  2937 | D:3      | Killed Natasha
  2938 | D:3      | Reached XP level 6. HP: 43/53 MP: 6/8
  3086 | D:3      | Noticed Natasha
  3098 | D:3      | Killed Natasha
  3149 | D:3      | Found a shimmering altar of Xom.
  3245 | D:4      | Reached skill level 5 in Axes
  4027 | D:4      | Reached XP level 7. HP: 56/59 MP: 10/10
  4610 | D:4      | Identified the +7 long sword of Conversion {spect, Fragile
                  | Fly rElec Stlth+}
  4962 | D:5      | Entered Level 5 of the Dungeon
  5065 | D:5      | Found a staircase to the Ecumenical Temple.
  5082 | Temple   | Entered the Ecumenical Temple
  5146 | Temple   | Became a worshipper of Ashenzari the Shackled
  5279 | D:5      | Reached XP level 8. HP: 67/67 MP: 12/12
  5798 | D:5      | Found a radiant altar of Vehumet.
  6470 | D:6      | Found Poun Ysu's Overcharged Wands.
  6767 | D:6      | Found a glowing golden altar of the Shining One.
  7050 | D:7      | Reached XP level 9. HP: 65/72 MP: 12/14
  7935 | D:7      | Noticed Duvessa
  7952 | D:7      | Noticed Dowan
  7956 | D:7      | Killed Duvessa
  7959 | D:7      | Killed Dowan
  8499 | D:7      | Reached skill level 5 in Invocations
  8711 | D:8      | Noticed Joseph
  8722 | D:8      | Killed Joseph
  8723 | D:8      | Reached XP level 10. HP: 60/80 MP: 13/17
  9076 | D:8      | Reached skill level 5 in Short Blades
  9076 | D:8      | Reached skill level 5 in Long Blades
  9076 | D:8      | Reached skill level 5 in Maces & Flails
  9076 | D:8      | Reached skill level 5 in Polearms
  9076 | D:8      | Reached skill level 5 in Staves
  9076 | D:8      | Reached skill level 5 in Slings
  9076 | D:8      | Reached skill level 5 in Bows
  9076 | D:8      | Reached skill level 5 in Crossbows
  9076 | D:8      | Reached skill level 5 in Throwing
  9076 | D:8      | Reached skill level 5 in Dodging
  9076 | D:8      | Reached skill level 5 in Stealth
  9076 | D:8      | Reached skill level 5 in Unarmed Combat
  9076 | D:8      | Reached skill level 5 in Spellcasting
  9076 | D:8      | Reached skill level 5 in Evocations
 10356 | D:8      | Gained mutation: Your movements are slightly less
                  | encumbered by armour. (ER -2) [potion of mutation]
 10534 | D:9      | Noticed a deep elf zephyrmancer
 10537 | D:9      | Killed a deep elf zephyrmancer
 10619 | D:9      | Noticed a deep elf pyromancer
 10627 | D:9      | Killed a deep elf pyromancer
 11094 | D:9      | Found a stormy altar of Qazlal.
 11120 | D:9      | Noticed a two-headed ogre
 11128 | D:9      | Killed a two-headed ogre
 11129 | D:9      | Reached XP level 11. HP: 48/87 MP: 11/19
 11625 | D:9      | Reached skill level 5 in Conjurations
 11625 | D:9      | Reached skill level 5 in Hexes
 11625 | D:9      | Reached skill level 5 in Summonings
 11625 | D:9      | Reached skill level 5 in Necromancy
 11625 | D:9      | Reached skill level 5 in Translocations
 11625 | D:9      | Reached skill level 5 in Transmutations
 11625 | D:9      | Reached skill level 5 in Fire Magic
 11625 | D:9      | Reached skill level 5 in Ice Magic
 11625 | D:9      | Reached skill level 5 in Air Magic
 11625 | D:9      | Reached skill level 5 in Earth Magic
 11625 | D:9      | Reached skill level 5 in Poison Magic
 11793 | D:9      | Noticed a centaur warrior
 11802 | D:9      | Killed a centaur warrior
 12187 | D:10     | Entered Level 10 of the Dungeon
 12260 | D:10     | Found a sacrificial altar of Ru.
 12600 | D:10     | Noticed a two-headed ogre
 12606 | D:10     | Killed a two-headed ogre
 12668 | D:10     | Found a staircase to the Lair.
 13136 | D:10     | Found a staircase to the Orcish Mines.
 14131 | Orc:1    | Entered Level 1 of the Orcish Mines
 14131 | Orc:1    | Noticed an orc knight
 14131 | Orc:1    | Noticed an orc sorcerer
 14144 | D:10     | Killed an orc knight
 14292 | Orc:1    | Killed an orc sorcerer
 14357 | Orc:1    | Noticed an orc sorcerer
 14369 | Orc:1    | Killed an orc sorcerer
 14370 | Orc:1    | Reached XP level 12. HP: 65/96 MP: 14/22
 15057 | Orc:2    | Entered Level 2 of the Orcish Mines
 15067 | Orc:2    | Found a staircase to the Elven Halls.
 15067 | Orc:2    | Noticed an ettin
 15078 | Elf:1    | Entered Level 1 of the Elven Halls
 15078 | Elf:1    | Found Hiedo's Antique Armour Shoppe.
 15366 | Elf:1    | Noticed a deep elf knight
 15381 | Elf:1    | Killed a deep elf knight
 15436 | Elf:1    | Shot with an arrow by a deep elf archer

Illustrated notes

Levels and vault maps discovered:
D:1:      dpeg_arrival_tiny_j, layout_loops_ring,
          hellmonk_ecumenical_altar_lost_god, nicolae_wormholes
D:2:      layout_loops_ring
D:3:      layout_rooms, nicolae_hepliaklqana_hippocampus,
          lemuel_coloured_pillars_altar, uniq_natasha, uniq_robin
D:4:      minmay_octagon_keep, layout_basic
D:5:      layout_gridville, mainiacjoe_overflow_boulevard,
          minmay_temple_entry_poolview
D:6:      layout_rooms, kennysheep_mini, kennysheep_minor_cross,
          nicolae_shop_overcharged_wands
D:7:      layout_loops_ring, uniq_duvessa
D:8:      layout_loops_ring, special_room [special_room_orc], uniq_joseph
D:9:      layout_small_grid, marbit_many_paths, hangedman_minor_magic
D:10:     layout_cave_pods, mainiacjoe_overflow_cross_hatched, erik_lair_island,
          zombieorc2_lemuel, chequers_big_river
Temple:   eino_temple_rhombus
Orc:1:    layout_caves
Orc:2:    st_orc_rangers, layout_caves
Elf:1:    minmay_the_grid_square_5x5_4x4 [minmay_the_grid_square_5x5_shrine2,
          minmay_the_grid_square_5x5_detours,
          minmay_the_grid_square_5x5_eight_small,
          minmay_the_grid_square_5x5_hollow_slash,
          minmay_the_grid_square_5x5_minimal,
          minmay_the_grid_square_5x5_prize_open,
          minmay_the_grid_square_5x5_prize_rear_guard,
          minmay_the_grid_square_5x5_two, minmay_the_grid_square_5x5_bite,
          minmay_the_grid_square_5x5_prize_itemx,
          minmay_the_grid_square_5x5_prize_waves,
          minmay_the_grid_square_5x5_fancy_junction,
          minmay_the_grid_square_5x5_six_small, minmay_the_grid_square_5x5_v,
          minmay_the_grid_square_5x5_n, minmay_the_grid_square_5x5_inset],
          layout_loops_corners, serial_shops, nicolae_shop_statue_plus,
          hangedman_elf_disciples, minivault_11, minmay_misc_feat_columns,
          dreamdust_wishing_well

Skill      XL: |  1  2  3  4  5  6  7  8  9 10 11 12 |
---------------+-------------------------------------+-----
Invocations    | 1 2 3 4 5 6 7 |  7.7
Short Blades   | 1 2 3 4 5 6 7 |  7.0
Long Blades    | 1 2 3 4 5 6 7 |  7.0
Maces & Flails | 1 2 3 4 5 6 7 |  7.0
Polearms       | 1 2 3 4 5 6 7 |  7.0
Staves         | 1 2 3 4 5 6 7 |  7.0
Slings         | 1 2 3 4 5 6 7 |  7.0
Bows           | 1 2 3 4 5 6 7 |  7.0
Crossbows      | 1 2 3 4 5 6 7 |  7.0
Throwing       | 1 2 3 4 5 6 7 |  7.0
Dodging        | 1 2 3 4 5 6 7 |  7.0
Stealth        | 1 2 3 4 5 6 7 |  7.0
Unarmed Combat | 1 2 3 4 5 6 7 |  7.0
Spellcasting   | 1 2 3 4 5 6 7 |  7.0
Evocations     | 1 2 3 4 5 6 7 |  7.0
Conjurations   | 1 2 3 4 5 |  5.8
Hexes          | 1 2 3 4 5 |  5.8
Summonings     | 1 2 3 4 5 |  5.8
Necromancy     | 1 2 3 4 5 |  5.8
Translocations | 1 2 3 4 5 |  5.8
Transmutations | 1 2 3 4 5 |  5.8
Fire Magic     | 1 2 3 4 5 |  5.8
Ice Magic      | 1 2 3 4 5 |  5.8
Air Magic      | 1 2 3 4 5 |  5.8
Earth Magic    | 1 2 3 4 5 |  5.8
Poison Magic   | 1 2 3 4 5 |  5.8
Axes           | 5 6 7 8 |  8.4
Fighting       | 7 8 9 |  9.7
Armour         | 7 8 9 |  9.7
Shields        | 7 8 9 |  9.7

Action                   |  1- 3 |  4- 6 |  7- 9 | 10-12 || total
-------------------------+-------+-------+-------+-------++-------
Melee: War axe           |    76 |   157 |    59 |       ||   292
       Bite              |     3 |    18 |    16 |    45 ||    82
       Long sword        |       |       |   146 |   364 ||   510
Throw: Dart              |       |     3 |     5 |    21 ||    29
Evoke: Wand              |       |     3 |       |     6 ||     9
  Use: Scroll            |       |     3 |     1 |    17 ||    21
       Potion            |       |       |       |    10 ||    10
 Stab: Sleeping          |       |       |     1 |       ||     1
       Distracted        |       |       |       |     4 ||     4
Armor: Scale mail        |    34 |    93 |    45 |       ||   172
       Chain mail        |       |       |    51 |     6 ||    57
       Plate armour      |       |       |       |   204 ||   204
Dodge: Dodged            |    22 |    85 |    81 |   145 ||   333
Block: Buckler           |    21 |    54 |    51 |    91 ||   217

Table legend: (Time is in decaauts)
 A = Elapsed time spent in this place.
 B = Non-inter-level travel time spent in this place.
 C = Inter-level travel time spent in this place.
 D = Time resting spent in this place.
 E = Time spent auto-exploring this place.
 F = Levels seen in this place.
 G = Mean time per level.
                   A        B        C        D        E       F      G
               +--------+--------+--------+--------+--------+-----+--------+
         Total |  15603 |  15603 |      0 |   4558 |     37 |  14 | 1114.5 |
       Dungeon |  14363 |  14363 |      0 |   4107 |     37 |  10 | 1436.3 |
        Temple |     89 |     89 |      0 |      0 |      0 |   1 |   89.0 |
  Orcish Mines |    790 |    790 |      0 |    173 |      0 |   2 |  395.0 |
   Elven Halls |    360 |    360 |      0 |    278 |      0 |   1 |  360.0 |
               +--------+--------+--------+--------+--------+-----+--------+

Top non-repeatable levels by time:
    D:10: 2113 daAuts
     D:9: 1830 daAuts
     D:4: 1759 daAuts
     D:7: 1700 daAuts
     D:8: 1663 daAuts
     D:1: 1379 daAuts
     D:2: 1185 daAuts
     D:5: 1182 daAuts
     D:6: 821 daAuts
   Orc:1: 771 daAuts
     D:3: 727 daAuts
   Elf:1: 360 daAuts
  Temple: 89 daAuts
   Orc:2: 19 daAuts
